 Dungeon Crawl Stone Soup version 0.32-a0-872-g59262bdc9b (webtiles) character file.

Game seed: 3656233529141251961

829 601d51SH the Covert (level 7, -2/60 HPs)
             Began as a Gnoll Delver on Mar 31, 2024.
             Was an Initiate of Hepliaklqana.
             Slain by a gnoll
             ... wielding a +0 spear
             ... led by a gnoll sergeant
              (5 damage)
             ... on level 5 of the Dungeon.
             The game lasted 00:06:08 (3836 turns).

601d51SH the Covert (Gnoll Delver)                  Turns: 3836, Time: 00:06:09

Health: -2/60      AC:  8    Str: 13    XL:     7   Next: 97%
Magic:  11/11      EV: 11    Int:  9    God:    Hepliaklqana [......]
Gold:   334        SH:  0    Dex: 14    Spells: 11/11 levels left

rFire   . . .        w - +1 dagger (venom)
rCold   . . .        (no shield)
rNeg    . . .        k - +0 ring mail
rPois   .            (no helmet)
rElec   .            A - +2 cloak
rCorr   .            (no gloves)
SInv    .            (no boots)
Will    .....        (no amulet)
Stlth   ++++         (no ring)
HPRegen 0.30/turn    (no ring)
MPRegen 0.12/turn

%: no passive effects
@: no status effects
A: fangs 1, strong nose, distributed training
a: Renounce Religion


You were on level 5 of the Dungeon.
You worshipped Hepliaklqana.
Hepliaklqana was noncommittal.
You visited 2 branches of the dungeon, and saw 6 of its levels.

You collected 334 gold pieces.

Inventory:

Hand Weapons
 a - a +0 mace
 s - a +0 flail
 w - a +1 dagger of venom (weapon)
 C - a +0 whip
Missiles
 y - 5 poisoned darts (quivered)
Armour
 b - a +0 leather armour
 k - a +0 ring mail (worn)
 r - a +0 scale mail
 A - a +2 cloak (worn)
Jewellery
 B - an amulet of magic regeneration
Wands
 g - a wand of digging (6)
Scrolls
 c - a scroll of fog
 d - 2 scrolls of revelation
 e - 2 scrolls of fear
 h - a scroll of torment {unknown}
 l - 6 scrolls of identify {unknown}
 m - 3 scrolls of teleportation {unknown}
 n - a scroll of amnesia {unknown}
 q - a scroll of brand weapon {unknown}
 t - a scroll of enchant weapon {unknown}
 u - 2 scrolls of immolation {unknown}
 v - a scroll of acquirement {unknown}
 x - a scroll of noise {unknown}
Potions
 f - 2 potions of haste
 i - 3 potions of curing {unknown}
 j - a potion of attraction {unknown}
 o - 2 potions of heal wounds {unknown}
 p - 3 potions of lignification {unknown}
 z - 2 potions of cancellation {unknown}


   Skills:
 + Level 7.2 Fighting
 + Level 2.9 Short Blades
 + Level 2.9 Long Blades
 + Level 2.9 Axes
 + Level 5.5 Maces & Flails
 + Level 2.9 Polearms
 + Level 2.9 Staves
 + Level 2.9 Ranged Weapons
 + Level 2.9 Throwing
 + Level 2.9 Armour
 + Level 5.5 Dodging
 + Level 10.0 Stealth
 + Level 2.9 Shields
 + Level 2.9 Unarmed Combat
 + Level 2.9 Spellcasting
 + Level 2.3 Conjurations
 + Level 2.3 Hexes
 + Level 2.3 Summonings
 + Level 2.3 Necromancy
 + Level 2.3 Translocations
 + Level 2.3 Fire Magic
 + Level 2.3 Ice Magic
 + Level 2.3 Air Magic
 + Level 2.3 Earth Magic
 + Level 2.3 Alchemy
 + Level 3.2 Invocations
 + Level 2.9 Evocations
 + Level 2.6 Shapeshifting


You had 11 spell levels left.
You didn't know any spells.
Your spell library contained the following spells:

 Spells                   Type           Power      Damage    Failure   Level
 Call Canine Familiar     Summ           5%         N/A       56%         3
 Passwall                 Erth           5%         N/A       56%         3
 Sigil of Binding         Hex            5%         N/A       56%         3
 Volatile Blastmotes      Fire/Tloc      10%        2d10      56%         3
 Dimensional Bullseye     Hex/Tloc       2%         N/A       93%         4
 Olgreb's Toxic Radiance  Alch           5%         N/A       93%         4
 Vhi's Electric Charge    Tloc/Air       10%        N/A       93%         4
 Bombard                  Conj/Erth      2%         9d1       100%        6
 Ozocubu's Refrigeration  Ice            2%         4d8       100%        7
 Discord                  Hex            2%         N/A       100%        8


Dungeon Overview and Level Annotations

Branches:
Dungeon (5/15)             Temple (1/1) D:5

Altars:
Ashenzari
Cheibriados
Dithmenos
Elyvilon
Fedhas
Gozag
Hepliaklqana
Kikubaaqudgha
Makhleb
Nemelex Xobeh
Okawaru
Qazlal
Ru
Trog
Uskayaw
Vehumet
Wu Jian
Xom
Yredelemnul
Zin

Annotations:
D:5 1 runed translucent door, 601d51SH's ghost, novice HuFi


Innate Abilities, Weirdness & Mutations

You have very sharp teeth.
Your uncanny sense of smell can sniff out nearby items.
Your experience applies equally to all skills.


Message History

The gnoll sergeant hits you from afar with a +0 vampiric spear.
* * * LOW HITPOINT WARNING * * *
The gnoll sergeant draws strength from your wounds!
The gnoll sergeant hits you but does no damage.
You hit the gnoll sergeant but do no damage.
The gnoll sergeant looks as sick as possible!
The gnoll sergeant is almost dead.
The gnoll barely misses you.
You hit the gnoll sergeant.
The gnoll sergeant looks as sick as possible!
You bite the gnoll sergeant.
The gnoll sergeant is almost dead.
You kill the gnoll sergeant!
The gnoll hits you with a +0 spear.
* * * LOW HITPOINT WARNING * * *
The gnoll misses you.
Things that are here:
a +0 vampiric spear; a +0 plate armour You hit the gnoll.
The gnoll is poisoned.
The gnoll is lightly wounded.
The gnoll hits you but does no damage.
The gnoll hits you from afar with a +0 spear.
* * * LOW HITPOINT WARNING * * *
You hit the gnoll.
The gnoll is severely wounded.
The gnoll hits you with a +0 spear.
* * * LOW HITPOINT WARNING * * *
The gnoll hits you from afar with a +0 spear.
* * * LOW HITPOINT WARNING * * *
You hit the gnoll but do no damage.
The gnoll looks as sick as possible!
The gnoll is severely wounded.
The gnoll hits you with a +0 spear.
* * * LOW HITPOINT WARNING * * *
You hit the gnoll.
You kill the gnoll!
The gnoll hits you from afar with a +0 spear.
* * * LOW HITPOINT WARNING * * *
The gnoll hits you with a +0 spear.
You die...
Hepliaklqana delivers you to your ancestors.

###################
#......)@g.....)..#
#.###############g#
#.# #.# #.# #.....#
##### #.# #.....#
#...# #.######
#####.......
##.#.## #......#
#..##.....###
#.....###.####.#
#.#########
..#.#......# #.#
#.+WS~~)~


You could see a gnoll.

Vanquished Creatures
  Sigmund (D:2)
  An ogre (D:5)
  A gnoll sergeant (D:5)
  A scorpion (D:5)
  A howler monkey (D:5)
  3 hounds (D:4)
  3 iguanas
  3 sleepcaps (D:5)
  An orc wizard (D:4)
  6 adders
  A gnoll (D:5)
  2 ufetubi (D:5)
  2 dart slugs
  A ribbon worm (D:2)
  7 orcs
  5 endoplasms
  6 giant cockroaches
  3 goblins
  7 hobgoblins
  4 jackals (D:4)
  3 quokkas
  6 ball pythons
  6 bats
  2 frilled lizards (D:3)
  2 kobolds (D:2)
  6 rats
84 creatures vanquished.

Notes
Turn   | Place    | Note
-------+----------+-------------------------------------------
     0 | D:5      | Reached skill level 9 in Stealth
     0 | D:5      | 601d51SH the Gnoll Delver began the quest for the Orb.
     0 | D:5      | Reached XP level 1. HP: 23/23 MP: 1/1
    11 | D:5      | Noticed an ogre
    37 | D:4      | Noticed an orc wizard
   197 | D:2      | Reached XP level 2. HP: 22/29 MP: 2/2
   285 | D:2      | Reached skill level 1 in Invocations
   285 | D:2      | Reached XP level 3. HP: 21/35 MP: 2/4
   495 | D:1      | Reached skill level 1 in Short Blades
   495 | D:1      | Reached skill level 1 in Long Blades
   495 | D:1      | Reached skill level 1 in Axes
   495 | D:1      | Reached skill level 1 in Polearms
   495 | D:1      | Reached skill level 1 in Staves
   495 | D:1      | Reached skill level 1 in Ranged Weapons
   495 | D:1      | Reached skill level 1 in Throwing
   495 | D:1      | Reached skill level 1 in Armour
   495 | D:1      | Reached skill level 1 in Shields
   495 | D:1      | Reached skill level 1 in Unarmed Combat
   495 | D:1      | Reached skill level 1 in Spellcasting
   495 | D:1      | Reached skill level 1 in Evocations
   673 | D:1      | Noticed a demigod
   674 | D:1      | Noticed a formicid
   756 | D:1      | Reached skill level 1 in Shapeshifting
   756 | D:1      | Reached XP level 4. HP: 40/41 MP: 5/5
   898 | D:2      | Found a faded altar of an unknown god.
   939 | D:2      | Noticed Sigmund
  1082 | D:2      | Killed Sigmund
  1083 | D:2      | Reached skill level 1 in Conjurations
  1083 | D:2      | Reached skill level 1 in Hexes
  1083 | D:2      | Reached skill level 1 in Summonings
  1083 | D:2      | Reached skill level 1 in Necromancy
  1083 | D:2      | Reached skill level 1 in Translocations
  1083 | D:2      | Reached skill level 1 in Fire Magic
  1083 | D:2      | Reached skill level 1 in Ice Magic
  1083 | D:2      | Reached skill level 1 in Air Magic
  1083 | D:2      | Reached skill level 1 in Earth Magic
  1083 | D:2      | Reached skill level 1 in Alchemy
  1083 | D:2      | Reached XP level 5. HP: 22/47 MP: 5/7
  1091 | D:2      | Reached XP level 6. HP: 27/53 MP: 5/8
  1537 | D:3      | Reached skill level 5 in Maces & Flails
  1537 | D:3      | Reached skill level 5 in Dodging
  2828 | D:5      | Reached XP level 7. HP: 56/60 MP: 10/10
  3015 | D:5      | Found a runed translucent door.
  3026 | D:5      | Found a staircase to the Ecumenical Temple.
  3066 | Temple   | Entered the Ecumenical Temple
  3097 | Temple   | Became a worshipper of Hepliaklqana the Forgotten
  3394 | D:5      | Reached skill level 10 in Stealth
  3634 | D:5      | Noticed 601d51SH's ghost (novice HuFi)
  3835 | D:5      | HP: 3/60 [gnoll/+0 spear[a gnoll sergeant] (2)]
  3836 | D:5      | Slain by a gnoll

Illustrated notes

Levels and vault maps discovered:
D:1:      shiori_arrival_whats_in_store_for_you, layout_rooms,
          serial_park_tiny_1, moated_statue
D:2:      layout_loops_cross, chequers_ecumenical_altar_grove, uniq_sigmund
D:3:      layout_basic, dreamdust_wishing_well
D:4:      layout_cave_pools
D:5:      layout_loops_ring, minmay_temple_entry_slanted, ebering_ghost_sewer_d
Temple:   mainiacjoe_temple_big_plus

Skill      XL: |  1  2  3  4  5  6  7 |
---------------+----------------------+-----
Stealth        | 10 | 10.0
Invocations    | 1 2 3 |  3.2
Short Blades   | 1 2 |  2.9
Long Blades    | 1 2 |  2.9
Axes           | 1 2 |  2.9
Polearms       | 1 2 |  2.9
Staves         | 1 2 |  2.9
Ranged Weapons | 1 2 |  2.9
Throwing       | 1 2 |  2.9
Armour         | 1 2 |  2.9
Shields        | 1 2 |  2.9
Unarmed Combat | 1 2 |  2.9
Spellcasting   | 1 2 |  2.9
Evocations     | 1 2 |  2.9
Shapeshifting  | 1 2 |  2.6
Conjurations   | 1 2 |  2.3
Hexes          | 1 2 |  2.3
Summonings     | 1 2 |  2.3
Necromancy     | 1 2 |  2.3
Translocations | 1 2 |  2.3
Fire Magic     | 1 2 |  2.3
Ice Magic      | 1 2 |  2.3
Air Magic      | 1 2 |  2.3
Earth Magic    | 1 2 |  2.3
Alchemy        | 1 2 |  2.3
Maces & Flails | 5 |  5.5
Dodging        | 5 |  5.5
Fighting       | 7 |  7.2

Action                     |  1- 3 |  4- 6 |  7- 9 || total
---------------------------+-------+-------+-------++-------
  Melee: Mace              |    79 |     3 |       ||    82
         Bite              |     6 |    17 |    18 ||    41
         Flail             |       |    51 |       ||    51
         Dagger            |       |    99 |    95 ||   194
   Stab: Sleeping          |     6 |     6 |     1 ||    13
 Armour: Ring mail         |    67 |   110 |    79 ||   256
         Leather armour    |     4 |       |       ||     4
  Dodge: Dodged            |    71 |   125 |    70 ||   266

Table legend: (Time is in decaauts)
 A = Elapsed time spent in this place.
 B = Non-inter-level travel time spent in this place.
 C = Inter-level travel time spent in this place.
 D = Time resting spent in this place.
 E = Time spent auto-exploring this place.
 F = Levels seen in this place.
 G = Mean time per level.
                   A        B        C        D        E       F      G
               +--------+--------+--------+--------+--------+-----+--------+
         Total |   3833 |   3583 |    250 |      0 |   2708 |   6 |  638.8 |
       Dungeon |   3771 |   3580 |    191 |      0 |   2708 |   5 |  754.2 |
        Temple |     61 |      2 |     59 |      0 |      0 |   1 |   61.0 |
               +--------+--------+--------+--------+--------+-----+--------+

Top non-repeatable levels by time:
     D:5: 957 daAuts
     D:3: 906 daAuts
     D:2: 844 daAuts
     D:4: 604 daAuts
     D:1: 458 daAuts
  Temple: 61 daAuts
